 Dungeon Crawl Stone Soup version 0.28.0-53-g5a82cb258f (webtiles) character file.

Game seed: 17332968447044754457

176 jamesp the Insei (level 5, -6/33 HPs)
             Began as an Octopode Transmuter on July 29, 2022.
             Mangled by an orc warrior
             ... wielding a +0 scimitar
              (14 damage)
             ... on level 3 of the Dungeon.
             The game lasted 00:07:33 (3897 turns).

jamesp the Insei (Octopode Transmuter)              Turns: 3897, Time: 00:07:34

Health: -6/33      AC:  1    Str: 10    XL:     5   Next: 56%
Magic:  8/8        EV: 14    Int: 15    God:
Gold:   149        SH:  0    Dex: 14    Spells: 7/8 levels left

rFire   . . .      SeeInvis .     - Unarmed
rCold   . . .      Faith    .   (no shield)
rNeg    . . .      Spirit   .   (helmet currently unavailable)
rPois   .          Reflect  .   (no amulet)
rElec   .          Harm     .   (no ring)
rCorr   .          Rampage  .   (no ring)
Will    .....                   (no ring)
Stlth   +++.......              (no ring)
HPRegen 0.11/turn               (no ring)
MPRegen 0.11/turn               (no ring)
                                (no ring)
                                (no ring)

@: appendages
A: tentacle spike 3, almost no armour, amphibious, 8 rings, camouflage 1,
gelatinous body 1, nimble swimmer 1, tentacles
a: End Transformation


You were on level 3 of the Dungeon.
One of your tentacles had grown a beastly spike.
You visited 1 branch of the dungeon, and saw 4 of its levels.

You collected 149 gold pieces.

Inventory:

Missiles
 b - 113 stones
 c - 40 arrows
 g - a boomerang
 l - 4 javelins
Scrolls
 a - a scroll of identify {unknown}
 d - 2 scrolls of teleportation {unknown}
 f - a scroll of enchant armour {unknown}
 h - a scroll of enchant weapon {unknown}
 i - a scroll of magic mapping {unknown}
Potions
 e - a potion of haste {unknown}
 j - a potion of lignification {unknown}
 k - a potion of cancellation {unknown}


   Skills:
 - Level 1.0 Fighting
 + Level 3.5 Dodging
 + Level 4.2 Unarmed Combat
 - Level 2.0 Spellcasting
 + Level 3.6 Transmutations


You had 7 spell levels left.
You knew the following spells:

 Your Spells              Type           Power      Damage    Failure   Level
a - Beastly Appendage     Tmut           24%        N/A       4%          1

Your spell library contained the following spells:

 Spells                   Type           Power      Damage    Failure   Level
 Wereblood                Tmut           12%        N/A       8%          2
 Spider Form              Tmut/Pois      6%         N/A       32%         3
 Ice Form                 Ice/Tmut       6%         N/A       71%         4


Dungeon Overview and Level Annotations

Branches:
Dungeon (4/15)
 Temple: D:4-7

Altars:
Xom


Innate Abilities, Weirdness & Mutations

One of your tentacles has grown a beastly spike.
You cannot wear most types of armour.
You are amphibious.
You can wear up to eight rings at the same time.
Your skin changes colour to match your surroundings (Stealth+).
Your rubbery body absorbs attacks. (AC +1, EV +1)
You are camouflaged when in or above water. (Stealth+)
You have tentacles for arms and can constrict up to eight enemies at once.


Message History

Casting: Beastly Appendage (safe; 4% risk of failure)
Confirm with . or Enter, or press ? or * to list all spells.
One of your tentacles grows a vicious spike.
You barely miss the orc warrior. You grab the orc warrior.
You pierce the orc warrior, but do no damage.
You constrict the orc warrior. The orc warrior barely misses you.
You tentacle-slap the orc warrior but do no damage.
You pierce the orc warrior, but do no damage.
You squeeze the orc warrior.
The orc warrior is lightly wounded.
You constrict the orc warrior. The orc warrior closely misses you.
You tentacle-slap the orc warrior.
You squeeze the orc warrior, but do no damage.
The orc warrior is moderately wounded.
You constrict the orc warrior. The orc warrior closely misses you.
You tentacle-slap the orc warrior but do no damage.
You pierce the orc warrior.
The orc warrior is moderately wounded.
You constrict the orc warrior.
The orc warrior hits you with a +0 scimitar!
You tentacle-slap the orc warrior but do no damage.
You pierce the orc warrior, but do no damage.
The orc warrior is heavily wounded.
You constrict the orc warrior.
The orc warrior hits you with a +0 scimitar!
* * * LOW HITPOINT WARNING * * *
You barely miss the orc warrior. You squeeze the orc warrior.
The orc warrior is severely wounded.
You constrict the orc warrior, but do no damage.
The orc warrior closely misses you.
You tentacle-slap the orc warrior.
You pierce the orc warrior, but do no damage.
The orc warrior is severely wounded.
You constrict the orc warrior. The orc warrior barely misses you.
You tentacle-slap the orc warrior but do no damage.
You pierce the orc warrior.
The orc warrior is almost dead.
You constrict the orc warrior.
The orc warrior hits you with a +0 scimitar!
You die...

###................#
#.................##
#####.###.....#.....).##
......########.........##
#.#.....................#
..#####.####............#
.## #.#####...........#
.# #................## ##
#..≈≈≈≈≈≈≈@≈....##
#..≈.....o[≈..###
#..≈.≈≈≈≈≈.≈..#
##.≈.≈...≈)≈..#
#.≈..._.§.≈.## ##
#o≈.≈...≈.≈.# .#
#.≈.≈≈≈§≈.≈.# .##
#.≈....)[.≈.##
..######..≈≈≈≈≈≈≈≈..#


You could see an orc warrior.

Vanquished Creatures
  A bullfrog skeleton (D:3)
  An iguana (D:2)
  5 adders (D:2)
  A worm (D:2)
  3 dart slugs
  6 orcs (D:3)
  2 bats
  5 endoplasms
  5 goblins
  6 hobgoblins
  3 jackals (D:4)
  9 kobolds
  5 quokkas
  4 ball pythons (D:1)
  2 frilled lizards (D:1)
  4 rats
62 creatures vanquished.

Notes
Turn   | Place    | Note
-------+----------+-------------------------------------------
     0 | D:1      | jamesp the Octopode Transmuter began the quest for the Orb.
     0 | D:1      | Reached XP level 1. HP: 13/13 MP: 3/3
   183 | D:1      | Reached XP level 2. HP: 17/18 MP: 5/5
   836 | D:1      | Reached XP level 3. HP: 21/23 MP: 6/6
  1677 | D:2      | Reached XP level 4. HP: 28/28 MP: 7/7
  2446 | D:2      | HP: 1/28 [hobgoblin (4)]
  2755 | D:3      | Reached skill level 4 in Unarmed Combat
  2755 | D:3      | Reached XP level 5. HP: 25/33 MP: 6/8
  3275 | D:3      | Found a shimmering altar of Xom.
  3552 | D:3      | Noticed an orc warrior
  3897 | D:3      | Mangled by an orc warrior

Illustrated notes

Levels and vault maps discovered:
D:1:      nagdon_arrival_double_spiral, layout_basic, hangedman_decor_push
D:2:      layout_basic, ebering_ecumenical_altar_hall
D:3:      layout_rooms, mainiacjoe_overflow_alcove_2,
          mainiacjoe_overflow_concentric_impassable, lemuel_crystal_altar
D:4:      layout_rooms, nicolae_qazlal_style_of_elements,
          lemuel_mausoleum_altar_yredelemnul

Skill      XL: |  1  2  3  4 |
---------------+-------------+-----
Transmutations | 3 |  3.6
Dodging        | 3 |  3.5
Unarmed Combat | 4 |  4.2
Fighting       | |  1.0
Spellcasting   | |  2.0

Action                   |  1- 3 |  4- 6 || total
-------------------------+-------+-------++-------
Melee: Unarmed           |    83 |    72 ||   155
       Constrict         |    22 |    23 ||    45
       Tentacles         |    15 |    23 ||    38
       Punch             |     4 |     4 ||     8
       Kick              |     5 |    23 ||    28
 Cast: Beastly Appendage |     4 |    12 ||    16
 Stab: Sleeping          |     3 |     3 ||     6
Armor: Skin              |     4 |     8 ||    12
Dodge: Dodged            |    38 |    85 ||   123
